 Dungeon Crawl Stone Soup version 0.31-a0-799-g6bc09d010c (webtiles) character file.

Game seed: 6209315260238108059

1665 Shayle the Fighter (level 9, -6/98 HPs)
             Began as an Ogre Hexslinger on Sept 19, 2023.
             Killed from afar by a manticore (17 damage)
             ... with a volley of spikes
             ... on level 6 of the Dungeon.
             The game lasted 00:15:49 (5712 turns).

Shayle the Fighter (Ogre Hexslinger)                Turns: 5712, Time: 00:15:49

Health: -6/98      AC:  3    Str: 14    XL:     9   Next: 1%
Magic:  17/17      EV: 15    Int: 18    God:
Gold:   308        SH:  0    Dex: 11    Spells: 16/19 levels left

rFire   . . .        k - +2 rapier (drain)
rCold   . . .        (no shield)
rNeg    . . .        c - +0 robe
rPois   .            (helmet restricted)
rElec   .            (no cloak)
rCorr   .            (gloves unavailable)
SInv    .            (boots unavailable)
Will    .....        (no amulet)
Stlth   +            v - +5 ring of evasion
HPRegen 0.36/turn    (no ring)
MPRegen 0.15/turn

%: no passive effects
@: mighty, spiked
A: large, unfitting armour, tough skin 1
a: no special abilities


You were on level 6 of the Dungeon.
You visited 1 branch of the dungeon, and saw 6 of its levels.

You collected 346 gold pieces.
You spent 38 gold pieces at shops.

Inventory:

Hand Weapons
 a - a +1 sling
 d - a +3 whip
 j - a +3 vampiric whip
 k - a +2 rapier of draining (weapon)
 l - a +0 giant spiked club
Armour
 c - a +0 robe (worn)
Jewellery
 v - a +5 ring of evasion (left hand)
Wands
 q - a wand of flame (33)
 y - a wand of acid (9)
Scrolls
 b - 2 scrolls of poison
 e - a scroll of teleportation
 w - a scroll of enchant armour
Potions
 i - a potion of lignification {unknown}
 m - a potion of curing
 n - a potion of attraction
 o - 2 potions of brilliance
 p - 2 potions of might
 r - a potion of resistance {unknown}
 s - 2 potions of mutation {unknown}
 t - a potion of experience {unknown}
 u - a potion of haste
 x - 2 potions of enlightenment {unknown}
 z - a potion of berserk rage {unknown}


   Skills:
 + Level 9.1 Fighting
 - Level 1.3 Ranged Weapons
 - Level 1.7 Dodging
 - Level 5.9 Spellcasting
 - Level 2.6 Hexes
 - Level 4.8 Fire Magic
 + Level 3.5 Ice Magic


You had 16 spell levels left.
You knew the following spells:

 Your Spells              Type           Power      Damage    Failure   Level
a - Ozocubu's Armour      Ice            18%        N/A       9%          3

Your spell library contained the following spells:

 Spells                   Type           Power      Damage    Failure   Level
 Jinxbite                 Hex            30%        N/A       6%          2
 Inner Flame              Hex/Fire       18%        N/A       8%          3
 Sigil of Binding         Hex            15%        N/A       12%         3
 Sublimation of Blood     Necr           5%         N/A       19%         2
 Summon Guardian Golem    Hex/Summ       10%        N/A       21%         3
 Call Canine Familiar     Summ           5%         N/A       36%         3
 Cause Fear               Hex            7%         N/A       36%         4
 Dimensional Bullseye     Hex/Tloc       5%         N/A       56%         4
 Leda's Liquefaction      Hex/Erth       5%         N/A       56%         4
 Petrify                  Tmut/Erth      5%         N/A       77%         4
 Irradiate                Conj/Tmut      2%         3d12      98%         5
 Orb of Destruction       Conj           2%         9d5       100%        7
 Ozocubu's Refrigeration  Ice            9%         4d9       100%        7
 Spellforged Servitor     Conj/Summ      2%         N/A       100%        7


Dungeon Overview and Level Annotations

Branches:
Dungeon (6/15)
 Temple: D:4-7

Altars:
Makhleb
Uskayaw
Xom

Shops:
D:4 *

Annotations:
D:4 Pikel, Sigmund


Innate Abilities, Weirdness & Mutations

You are too large for most types of armour.
You have tough skin. (AC +1)


Message History

* * * LOW HITPOINT WARNING * * *
You have reached level 9!
Your experience leads to an increase in your attributes!
Increase (S)trength, (I)ntelligence, or (D)exterity?
You feel clever. x2; You feel stronger.
You feel much better.
You are engulfed in a cloud of scalding steam.
As you read the scroll of fear, it crumbles to dust.
You assume a fearsome visage.
The white imp looks frightened! x2
The steam dragon looks frightened!
You are engulfed in a cloud of scalding steam.
* * * LOW HITPOINT WARNING * * *
An iguana comes into view.
A manticore comes into view.
You are engulfed in a cloud of scalding steam.
You are engulfed in a cloud of scalding steam.
* * * LOW HITPOINT WARNING * * *
As you read the scroll of fog, it dissolves into smoke.
The manticore flicks its tail.
The volley of spikes hits you!
The barbed spikes become lodged in your body.
* * * LOW HITPOINT WARNING * * *
Okay, then.
There are monsters nearby!
You feel better.
The manticore flicks its tail.
The volley of spikes hits you!!
The barbed spikes become lodged in your body.
* * * LOW HITPOINT WARNING * * *
Okay, then.
Okay, then.
Aiming: Corrosive Bolt
Press: ? - help, Shift-Dir - straight line, f - manticore
Aim: a manticore (83% to hit)
The bolt of acid hits the manticore!
The acid corrodes the manticore!
The manticore is moderately wounded.
The manticore flicks its tail.
The volley of spikes hits you!
The barbed spikes become lodged in your body.
You die...

.............#..
................. ####
#.####.....####.#
#########....####.#(.##...## ..
#.......#.........#...##.## . .
#.....<.#.........##..h#.# ..#
#.......+.....§§§§§##5'#5#'.#
#.......#.....§§§§§.###...###..
#.......#.....§§@§...Hl.8.......
#.......#....§§§§§..###s..###...
##'##+#####....##..## '#.#'.# .
..........#######.## #.# .
.....†....#.......# ##.## .
..........#.......# ##...## .<
..........#.......####..... ##..
..........'................ ....
..........#######...##.#.####....


You could see a manticore (corroded), a scorpion and an iguana.

Vanquished Creatures
  Eustachio (D:4)
  Menkaure (D:5)
  Duvessa (D:4)
  A black bear (D:5)
  3 ogres
  A centaur (D:6)
  2 bullfrogs
  A scorpion (D:5)
  Dowan (D:4)
  4 hounds
  A jelly (D:6)
  2 orc priests
  Jessica (D:3)
  5 iguanas
  An orc wizard (D:5)
  4 gnolls (D:5)
  12 adders
  An ufetubus (D:6)
  A worm (D:4)
  3 dart slugs
  11 orcs
  4 ball pythons
  10 endoplasms
  5 giant cockroaches
  6 goblins
  6 hobgoblins
  4 jackals (D:1)
  11 kobolds
  3 quokkas
  8 bats
  6 frilled lizards
  24 rats
145 creatures vanquished.

Vanquished Creatures (others)
  A white imp (D:6)
  A rat (D:4)
2 creatures vanquished.

Grand Total: 147 creatures vanquished

Notes
Turn   | Place    | Note
-------+----------+-------------------------------------------
     0 | D:1      | Shayle the Ogre Hexslinger began the quest for the Orb.
     0 | D:1      | Reached XP level 1. HP: 19/19 MP: 2/2
    26 | D:1      | Reached skill level 1 in Fire Magic
    39 | D:1      | Reached XP level 2. HP: 17/28 MP: 2/4
    44 | D:1      | Reached skill level 2 in Fighting
   561 | D:1      | Reached XP level 3. HP: 36/36 MP: 6/6
  1038 | D:2      | Reached skill level 3 in Fighting
  1099 | D:2      | Reached XP level 4. HP: 45/45 MP: 7/7
  1713 | D:2      | Found a faded altar of an unknown god.
  2195 | D:3      | Reached XP level 5. HP: 50/54 MP: 9/9
  2285 | D:3      | Found a hide-covered altar of Uskayaw.
  2295 | D:3      | Noticed Jessica
  2300 | D:3      | Killed Jessica
  2372 | D:3      | Reached skill level 4 in Fighting
  2490 | D:3      | Found a shimmering altar of Xom.
  2685 | D:3      | Found a burning altar of Makhleb.
  2685 | D:3      | Noticed a blizzard demon
  3094 | D:4      | Noticed Eustachio
  3208 | D:4      | Found Qidieck's Elemental Accessories.
  3216 | D:4      | Bought a wand of flame (5) for 38 gold pieces
  3354 | D:4      | Noticed Pikel
  3354 | D:4      | Noticed a lemure
  3354 | D:4      | Noticed a lemure
  3354 | D:4      | Noticed a lemure
  3354 | D:4      | Noticed a lemure
  3360 | D:4      | Noticed Sigmund
  3557 | D:4      | Killed Eustachio
  3558 | D:4      | Reached XP level 6. HP: 41/65 MP: 10/12
  3681 | D:5      | Entered Level 5 of the Dungeon
  3681 | D:5      | Noticed Menkaure
  3681 | D:5      | Noticed a black bear
  3953 | D:4      | Reached skill level 5 in Fighting
  4104 | D:4      | Noticed Duvessa
  4104 | D:4      | Noticed Dowan
  4113 | D:4      | Killed Duvessa
  4114 | D:4      | Reached XP level 7. HP: 67/72 MP: 12/14
  4129 | D:4      | Killed Dowan
  4329 | D:4      | Reached skill level 6 in Fighting
  4359 | D:5      | Reached skill level 5 in Spellcasting
  4472 | D:5      | Killed Menkaure
  4678 | D:5      | Reached XP level 8. HP: 68/84 MP: 16/16
  4831 | D:5      | Reached skill level 7 in Fighting
  5072 | D:5      | Learned a level 3 spell: Ozocubu's Armour
  5161 | D:5      | Reached skill level 1 in Ice Magic
  5328 | D:5      | Reached skill level 8 in Fighting
  5699 | D:6      | Reached skill level 9 in Fighting
  5702 | D:6      | Reached XP level 9. HP: 20/98 MP: 17/17
  5707 | D:6      | Noticed a manticore
  5712 | D:6      | Killed from afar by a manticore

Illustrated notes

Levels and vault maps discovered:
D:1:      psy_arrival_statuary, layout_loops_ring, serial_bayou,
          serial_bayou_pond_a, serial_bayou_lagoon_b, serial_bayou_pond_d,
          serial_bayou_pond_a
D:2:      minmay_razor_zed, layout_basic, dreamdust_ecumenical_altar_statues,
          minmay_increasing_density
D:3:      minmay_skewed_foursquare, layout_loops_cross,
          makhleb_altar_promises_db, mainiacjoe_overflow_tiny_flanked,
          mainiacjoe_overflow_concentric_impassable, uniq_jessica
D:4:      layout_basic, lemuel_coloured_pillars_altar, nicolae_elemental_shop,
          serial_bayou_pond_d, minmay_rat_hole, uniq_duvessa, uniq_pikel,
          uniq_sigmund, uniq_eustachio
D:5:      minmay_recursive_quarters, layout_basic, uniq_menkaure
D:6:      cheibrodos_barr_body, layout_gridville, mainiacjoe_overflow_alcove_2,
          grunt_decor_junction

Skill      XL: |  1  2  3  4  5  6  7  8 |
---------------+-------------------------+-----
Fire Magic     | 1 2 3 4 |  4.8
Fighting       | 2 3 4 5 6 9 |  9.1
Spellcasting   | 2 3 4 5 |  5.9
Ice Magic      | 3 |  3.5
Ranged Weapons | |  1.3
Dodging        | |  1.7
Hexes          | |  2.6

Action                     |  1- 3 |  4- 6 |  7- 9 || total
---------------------------+-------+-------+-------++-------
  Melee: Rapier            |       |    20 |   219 ||   239
         Punch             |       |       |     4 ||     4
   Fire: Sling             |   110 |   193 |       ||   303
   Cast: Ozocubu's Armour  |       |       |     4 ||     4
  Evoke: Wand              |       |     7 |     3 ||    10
    Use: Scroll            |       |     9 |     5 ||    14
         Potion            |       |     1 |     7 ||     8
 Armour: Robe              |    45 |    93 |   134 ||   272
  Dodge: Dodged            |    40 |   106 |   171 ||   317

Table legend: (Time is in decaauts)
 A = Elapsed time spent in this place.
 B = Non-inter-level travel time spent in this place.
 C = Inter-level travel time spent in this place.
 D = Time resting spent in this place.
 E = Time spent auto-exploring this place.
 F = Levels seen in this place.
 G = Mean time per level.
                   A        B        C        D        E       F      G
               +--------+--------+--------+--------+--------+-----+--------+
         Total |   5841 |   5641 |    200 |    810 |   3054 |   6 |  973.5 |
       Dungeon |   5841 |   5641 |    200 |    810 |   3054 |   6 |  973.5 |
               +--------+--------+--------+--------+--------+-----+--------+

Top non-repeatable levels by time:
     D:2: 1348 daAuts
     D:3: 1160 daAuts
     D:5: 1064 daAuts
     D:4: 1033 daAuts
     D:1: 905 daAuts
     D:6: 329 daAuts
